 Dungeon Crawl Stone Soup version 0.31-a0-844-gdc52ec4e09 (webtiles) character file.

Game seed: 3748670661000247045

45 kae the Chopper (level 3, -6/31 HPs)
             Began as a Hill Orc Fighter on Sept 29, 2023.
             Mangled by Grinder (8 damage)
             ... on level 3 of the Dungeon.
             The game lasted 00:01:14 (1408 turns).

kae the Chopper (Hill Orc Fighter)                  Turns: 1408, Time: 00:01:15

Health: -6/31      AC:  4    Str: 20    XL:     3   Next: 64%
Magic:  3/3        EV:  9    Int:  8    God:
Gold:   52         SH:  4    Dex: 10    Spells: 2/2 levels left

rFire   . . .        a - +0 war axe
rCold   . . .        c - +0 buckler
rNeg    . . .        b - +0 scale mail
rPois   .            (no helmet)
rElec   .            (no cloak)
rCorr   .            (no gloves)
SInv    .            (no boots)
Will    .....        (no amulet) Stlth
                     (no ring)
HPRegen 0.25/turn    (no ring)
MPRegen 0.08/turn

%: no passive effects
@: mighty, hasted, very quick
A: deformed body, sense surroundings 1, shaggy fur 1
a: no special abilities


You were on level 3 of the Dungeon.
You visited 1 branch of the dungeon, and saw 3 of its levels.

You collected 52 gold pieces.


Innate Abilities, Weirdness & Mutations

Armour fits poorly on your strangely shaped body.
You passively map a small area around you.
You are covered in fur. (AC +1)


   Skills:
 - Level 3.6 Fighting
 + Level 5.2 Axes
 - Level 3.2 Armour
 - Level 3.2 Shields


You had 2 spell levels left.
You didn't know any spells.
Your spell library contained the following spells:

 Spells                   Type           Power      Damage    Failure   Level
 Cigotuvi's Dreadful Rot  Necr/Pois/Air  0%         N/A       93%         2
 Ensorcelled Hibernation  Hex/Ice        0%         N/A       93%         2
 Jinxbite                 Hex            0%         N/A       93%         2
 Ignite Poison            Fire/Tmut/Pois 0%         N/A       99%         3
 Anguish                  Hex/Necr       0%         N/A       100%        4
 Freezing Cloud           Conj/Ice/Air   0%         6-21      100%        5

Inventory:

Hand Weapons
 a - a +0 war axe (weapon)
Missiles
 e - 15 stones
 g - a throwing net {=f!f}
Armour
 b - a +0 scale mail (worn)
 c - a +0 buckler (worn)
Scrolls
 h - a scroll of torment {unknown}
 k - a scroll of blinking {unknown}
 l - a scroll of fear {unknown}

Dungeon Overview and Level Annotations

Branches:
Dungeon (3/15) Zot: 16562

Altars:

Shops:
D:1 (

Annotations:
D:3 Grinder

* , , , , .....+
, *, * .....# *
.....# * , *,
5....# , * ,*
.....# * *.....#
###########(....#
,
#<.......@5.####
#########......#
* '......# ,
##......+, *
#......# ,
,,.......+ *
.......#, *
........# ,
....#####


You could see Grinder.


Message History

You hit Grinder. You block Grinder's attack.
Grinder barely misses you. 😕 HP[+1]
You barely miss Grinder. Grinder hits you.
You writhe in agony. 😮 HP[-5]
You take 5 damage, and now have 21/31 hp.
You hit Grinder but do no damage. Grinder hits you.
You writhe in agony. 😮 HP[-4]
You take 4 damage, and now have 17/31 hp.
Unknown command.
You closely miss Grinder. Grinder barely misses you.
Grinder completely misses you. 😮 HP[+1]
You hit Grinder. Grinder gestures at you. Pain shoots through your body!
* * * LOW HITPOINT WARNING * * *
😨 HP[-4]
You take 4 damage, and now have 14/31 hp.
Unknown command.
You completely miss Grinder.
Grinder says, "I used to sell toenails on the black market."
Grinder gestures at you. Pain shoots through your body!
* * * LOW HITPOINT WARNING * * *
😨 HP[-5]
You take 5 damage, and now have 9/31 hp.
You closely miss Grinder. Grinder hits you.
* * * LOW HITPOINT WARNING * * *
You writhe in agony.
* * * LOW HITPOINT WARNING * * *
😱 HP[-8]
You take 8 damage, and now have 1/31 hp.
MASSIVE DAMAGE!! (PAUSE)
Okay, then.
It was a potion of mutation.
You feel extremely strange.
Your body twists and deforms.
Fur sprouts all over your body.
You feel a strange attunement to the structure of the dungeons.
Grinder blinks!
Unknown command.
It was a potion of curing.
You feel better.
Grinder blinks! 😱 HP[+5]
You regained 5 hp, and now have 6/31 hp. 😱 HP[+1] Grinder blinks!
There is a stone staircase leading up here.
You climb upwards.
There is a stone staircase leading down here. 😨 HP[+1]
You start resting. 😕 HP[+18]
You regained 18 hp, and now have 26/31 hp.
You start resting. 😎 HP[+5]
Your hp is fully restored (31).
It was a potion of haste.
You feel yourself speed up.
You climb downwards.
Level annotation: Grinder
There is a stone staircase leading up here.
You feel very mighty all of a sudden. Grinder hits you. 😕 HP[-2]
You take 2 damage, and now have 29/31 hp.
You closely miss Grinder. Grinder gestures at you.
Pain shoots through your body!
Unknown command.
You hit Grinder. You completely miss Grinder.
Grinder hits you but does no damage.
You closely miss Grinder.
Grinder blinks!
Unknown command.
Grinder misses you. 😕 HP[+1]
You barely miss Grinder. You hit Grinder but do no damage. Grinder hits you.
You writhe in agony. 😮 HP[-7]
You take 7 damage, and now have 23/31 hp.
MASSIVE DAMAGE!! (PAUSE)
You barely miss Grinder. Grinder hits you but does no damage.
Unknown command.
You closely miss Grinder. Grinder hits you!
* * * LOW HITPOINT WARNING * * *
😨 HP[-8]
You take 8 damage, and now have 15/31 hp.
MASSIVE DAMAGE!! (PAUSE)
You barely miss Grinder. Grinder gestures at you.
Pain shoots through your body!
* * * LOW HITPOINT WARNING * * *
😱 HP[-9]
You take 9 damage, and now have 6/31 hp.
MASSIVE DAMAGE!! (PAUSE)
You closely miss Grinder. Grinder hits you.
* * * LOW HITPOINT WARNING * * *
😱 HP[-4]
You take 4 damage, and now have 2/31 hp.
You barely miss Grinder.
Unknown command.
You slash Grinder! Grinder hits you!
You die...
Grinder says, "Now the real fun starts!"

Skill      XL: |  1  2  3 |
---------------+----------+-----
Axes           | 3 4 5 |  5.2
Fighting       | |  3.6
Armour         | |  3.2
Shields        | |  3.2

Action                     || total
---------------------------++-------
  Melee: War axe           ||   118
    Use: Potion            ||     4
 Armour: Scale mail        ||   106
  Dodge: Dodged            ||    68
  Block: Buckler           ||    23

Levels and vault maps discovered:
D:1:      nzn_arrival_crosshair, layout_loops_cross, serial_aquarium,
          aquarium_bridge_island_small [aquarium_subvault_small_water,
          aquarium_subvault_bridge, aquarium_subvault_wall,
          aquarium_subvault_bridge, aquarium_subvault_wall],
          aquarium_bridge_square [aquarium_subvault_bridge,
          aquarium_subvault_wall, aquarium_subvault_window,
          aquarium_subvault_window], aquarium_window_fake, aquarium_window_3,
          aquarium_window_1, aquarium_view_2d, aquarium_view_2e,
          aquarium_balcony_double_2, aquarium_pool_2, serial_shops,
          nicolae_shop_stone, serial_park_tiny_2
D:2:      layout_rooms, minivault_4, minmay_misc_feat_chi
D:3:      layout_basic, okawaru_altar_gauntlet_db,
          gammafunk_temple_overflow_wave, kennysheep_pointless_box,
          uniq_grinder, uniq_robin

Notes
Turn   | Place    | Note
-------+----------+-------------------------------------------
     0 | D:1      | kae the Hill Orc Fighter began the quest for the Orb.
     0 | D:1      | Reached XP level 1. HP: 19/19 MP: 1/1
     0 | D:1      | magus.rc [v1.11.3]
    31 | D:1      | Found Mofoyqyx's Antique Weapon Shoppe.
    38 | D:1      | Reached skill level 3 in Axes
   151 | D:1      | Reached XP level 2. HP: 25/26 MP: 2/2
   390 | D:1      | Reached skill level 4 in Axes
   774 | D:2      | Reached XP level 3. HP: 31/31 MP: 3/3
   775 | D:2      | Identified the +9 dagger "Ceoraskitz" {freeze, Dex+2}
   791 | D:2      | You add the spells Cigotuvi's Dreadful Rot, Ignite Poison
                  | and Freezing Cloud to your library.
   877 | D:2      | Reached skill level 5 in Axes
   954 | D:2      | Identified the +6 flail of the Endless Expanse {heavy,
                  | rF+++ Str+3 Stlth-}
  1082 | D:2      | You pick up a book of Dreams and begin reading...
  1082 | D:2      | You add the spells Jinxbite, Ensorcelled Hibernation and
                  | Anguish to your library.
  1258 | D:3      | Noticed Grinder
  1275 | D:3      | Paralysed by Grinder for 2 turns
  1284 | D:3      | HP: 6/31 [Grinder (4)]
  1284 | D:3      | HP: 1/31 [Grinder (5)]
  1285 | D:3      | Gained mutation: Armour fits poorly on your strangely
                  | shaped body. [potion of mutation]
  1285 | D:3      | Gained mutation: You are covered in fur. (AC +1) [potion of
                  | mutation]
  1285 | D:3      | Gained mutation: You passively map a small area around you.
                  | [potion of mutation]
  1405 | D:3      | HP: 6/31 [Grinder/nerve-wracking pain (10)]
  1406 | D:3      | HP: 2/31 [Grinder (4)]
  1408 | D:3      | Mangled by Grinder

Vanquished Creatures
  An adder (D:2)
  6 bats
  3 endoplasms
  A giant cockroach (D:1)
  4 goblins
  2 hobgoblins
  6 kobolds
  3 quokkas
  4 ball pythons
  4 rats
34 creatures vanquished.

Table legend:
 A = Non-vault XP
 B = Vault XP
 C = Vault XP percentage of total XP
 D = Non-vault monster count
 E = Vault monster count
 F = Vault count percentage of total count
                 A         B        C        D         E       F
            +---------+---------+-------+---------+---------+-------
      Total |      65 |       0 |   0.0 |      34 |       0 |   0.0
            +---------+---------+-------+---------+---------+-------
        D:1 |      28 |       0 |   0.0 |      17 |       0 |   0.0
        D:2 |      34 |       0 |   0.0 |      15 |       0 |   0.0
        D:3 |       3 |       0 |   0.0 |       2 |       0 |   0.0
            +---------+---------+-------+---------+---------+-------

Skill      XL: |  1  2  3 |
---------------+----------+-----
Axes           | 3 4 5 |  5.2
Fighting       | |  3.6
Armour         | |  3.2
Shields        | |  3.2

Action                     || total
---------------------------++-------
  Melee: War axe           ||   118
    Use: Potion            ||     4
 Armour: Scale mail        ||   106
  Dodge: Dodged            ||    68
  Block: Buckler           ||    23

Illustrated notes

Table legend:
 A = Kills in this place as a percentage of kills in the entire game.
 B = Kills by you in this place as a percentage of kills by you in the entire game.
 C = Kills by friends in this place as a percentage of kills by friends in the entire game.
 D = Other kills in this place as a percentage of other kills in the entire game.
 E = Experience gained in this place as a percentage of experience gained in the entire game.
 F = Experience gained in this place divided by the number of levels of this place that you have seen.
                   A       B       C       D       E      F
               +-------+-------+-------+-------+-------+----------------------
         Total | 100.0 | 100.0 |   N/A |   N/A | 100.0 |  21.7
       Dungeon | 100.0 | 100.0 |   N/A |   N/A | 100.0 |  21.7
               +-------+-------+-------+-------+-------+----------------------

Table legend: (Time is in decaauts)
 A = Elapsed time spent in this place.
 B = Non-inter-level travel time spent in this place.
 C = Inter-level travel time spent in this place.
 D = Time resting spent in this place.
 E = Time spent auto-exploring this place.
 F = Levels seen in this place.
 G = Mean time per level.
                   A        B        C        D        E       F      G
               +--------+--------+--------+--------+--------+-----+--------+
         Total |   1436 |   1394 |     42 |     92 |   1039 |   3 |  478.7 |
       Dungeon |   1436 |   1394 |     42 |     92 |   1039 |   3 |  478.7 |
               +--------+--------+--------+--------+--------+-----+--------+

Top non-repeatable levels by time:
     D:1: 773 daAuts
     D:2: 598 daAuts
     D:3: 64 daAuts
